 Dungeon Crawl Stone Soup version 0.32-a0-132-g2d33c3cfaf (webtiles) character file.

Game seed: 8845487668680974516

5826 Dittersdorf the Blocker (level 10, -6/66 HPs)
             Began as a Gargoyle Fighter on Feb 9, 2024.
             Was an Initiate of Gozag.
             Mangled by an ice devil (23 damage)
             ... summoned by a kobold demonologist
             ... in a bailey.
             The game lasted 00:12:25 (8926 turns).

Dittersdorf the Blocker (Gargoyle Fighter)          Turns: 8926, Time: 00:12:25

Health: -6/66      AC: 19    Str: 24    XL:     10   Next: 80%
Magic:  10/10      EV: 10    Int:  9    God:    Gozag
Gold:   881        SH: 11    Dex:  9    Spells: 9/9 levels left

rFire   + . .        d - +3 morningstar (spect)
rCold   . . .        c - +0 buckler
rNeg    + . .        y - +1 ring mail {rF+}
rPois   ∞            (no helmet)
rElec   +            (no cloak)
rCorr   .            b - +1 pair of gloves
SInv    .            t - +0 pair of boots
Will    +....        z - amulet of reflection Stlth
                     s - ring of flight
HPRegen 0.31/turn    A - ring of willpower
MPRegen 0.12/turn

%: reflection
@: flying, studying Shields
A: sickness immunity, AC +7, negative energy resistance 1, electricity
resistance, torment resistance 1, petrification resistance
a: Renounce Religion, Potion Petition, Call Merchant, Bribe Branch


You were in a bailey.
You worshipped Gozag.
Gozag was pleased with you.
You visited 2 branches of the dungeon, and saw 10 of its levels.
You also visited: Bailey.

You collected 1036 gold pieces.
You spent 60 gold pieces at shops.
You paid 95 gold pieces to Gozag.

Inventory:

Hand Weapons
 d - a +3 spectral morningstar (weapon)
Missiles
 n - 2 throwing nets
Armour
 b - a +1 pair of gloves (worn)
 c - a +0 buckler (worn)
 t - a +0 pair of boots (worn)
 w - a +0 plate armour
 y - a +1 ring mail of fire resistance (worn)
Jewellery
 s - a ring of flight (left hand)
 z - an amulet of reflection (around neck)
 A - a ring of willpower (right hand)
Wands
 f - a wand of flame (22)
 v - a wand of roots (6) (quivered)
Scrolls
 a - 3 scrolls of revelation
 e - 3 scrolls of teleportation
 i - a scroll of poison
 o - a scroll of acquirement
 q - a scroll of enchant weapon
 r - 2 scrolls of blinking
Potions
 g - a potion of resistance {unknown}
 h - 2 potions of heal wounds
 j - a potion of might
 k - 5 potions of enlightenment
 l - a potion of curing
 m - a potion of cancellation
 u - a potion of mutation


   Skills:
 + Level 9.3 Fighting
 + Level 8.2 Maces & Flails
 + Level 9.3 Armour
 + Level 10.7 Shields


You had 9 spell levels left.
You didn't know any spells.
Your spell library contained the following spells:

 Spells                   Type           Power      Damage    Failure   Level
 Slow                     Hex            0%         N/A       54%         1
 Ensorcelled Hibernation  Hex/Ice        0%         N/A       69%         2
 Lesser Beckoning         Tloc           0%         N/A       69%         2
 Confusing Touch          Hex            0%         N/A       89%         3
 Gell's Gravitas          Tloc           0%         N/A       89%         3
 Passwall                 Erth           0%         N/A       89%         3
 Sigil of Binding         Hex            0%         N/A       89%         3
 Swiftness                Air            0%         N/A       89%         3
 Teleport Other           Tloc           0%         N/A       89%         3
 Vampiric Draining        Necr           0%         2d6       89%         3
 Borgnjor's Vile Clutch   Necr/Erth      0%         N/A       100%        5
 Death Channel            Necr           0%         N/A       100%        6
 Animate Dead             Necr           Unusable   N/A       N/A         4

Dungeon Overview and Level Annotations

Branches:
Dungeon (9/15)             Temple (1/1) D:6             Orc (0/2) D:9
 Bailey (1/1)
   Lair: D:8-11

Altars:
Ashenzari
Cheibriados
Dithmenos
Elyvilon
Gozag
Hepliaklqana
Kikubaaqudgha
Makhleb
Qazlal
Ru
Trog
Uskayaw
Vehumet
Wu Jian
Xom
Yredelemnul
Zin
The Shining One

Shops:
D:4 :   D:5 !   D:8 =

Annotations:
D:3 2 transporters


Innate Abilities, Weirdness & Mutations

You are immune to sickness and miasma.
Your stone body is resilient. (AC +7)
You are immune to poison.
You resist negative energy. (rN+)
You are resistant to electric shocks. (rElec)
You are resistant to unholy torment.
You are immune to petrification.


Message History

The ufetubus closely misses you. The ufetubus misses you.
You barely miss the kobold demonologist.
The kobold demonologist is almost dead.
You block the quasit's attack. x2
The quasit claws you but does no damage.
The ufetubus barely misses you. The ufetubus hits you.
The ufetubus barely misses you.
The ufetubus hits you but does no damage.
The ynoxinul misses you.
The kobold demonologist hits you but does no damage.
The ice devil barely misses you. The quasit barely misses you. x3
The ufetubus barely misses you. The ufetubus misses you.
You hit the kobold demonologist but do no damage.
The kobold demonologist is almost dead.
You block the ufetubus's attack.
The ufetubus hits you but does no damage.
A gnoll comes into view. It is wielding a +0 hand axe.
You block the ynoxinul's attack.
The kobold demonologist hits you with a +0 war axe.
The ufetubus barely misses you. x2; The ufetubus closely misses you.
The ufetubus hits you but does no damage.
The ice devil hits you but does no damage.
The quasit bites you but does no damage.
The quasit barely misses you. The quasit claws you.
The gnoll moves out of view.
You barely miss the kobold demonologist.
The kobold demonologist is almost dead.
You block the ufetubus's attack.
The ufetubus hits you but does no damage. x2
The ufetubus barely misses you.
The quasit bites you but does no damage.
You block the quasit's attack.
The quasit claws you but does no damage.
The kobold demonologist hits you with a +0 war axe.
The ynoxinul hits you but does no damage.
The ice devil hits you!
* * * LOW HITPOINT WARNING * * *
The ice devil freezes you!!
You die...
Your body crumbles into a pile of gold.

#≈≈≈≈≈#....'....)#.......#..
#≈≈≈≈≈#....#....)).ß.ß.ß.#..
#≈≈≈≈≈#.##############...###
#≈≈≈≈≈~.#))'.# #..)...
#≈≈≈≈≈~.#))# #..)...
#≈≈≈≈≈~.#..# #####''
#≈≈≈≈≈~.######### . #....)
#≈≈≈≈≈~.#.5ß4ß..#.... #....)
#≈≈≈≈≈~∩.55@K55.'._.. #..⌠.)
#≈≈≈≈≈~.#.3ß5ß..#.... #.....
#≈≈≈≈≈~.######### . #.....
#≈≈≈≈≈~.#g.# #####''
#≈≈≈≈≈~.#!!# #......
#≈≈≈≈≈~.#?!'.# #..)...
#≈≈≈≈≈#.##############...###
#≈≈≈≈≈#....#....)).ß.ß.ß.#..
#≈≈≈≈≈#...)'....)#.......#..


You could see an ice devil (summoned), a kobold demonologist, a ynoxinul
(summoned), a quasit (summoned), a crimson imp (summoned), a shadow imp
(summoned) and 3 ufetubi.

Vanquished Creatures
  Pikel (D:4)
  An orc sorcerer (Bailey)
  Sigmund (D:4)
  6 yaks (D:8)
  Eustachio (D:4)
  A water moccasin (D:5)
  An ice beast (D:8)
  2 sky beasts (D:6)
  Duvessa (D:6)
  4 orc warriors (Bailey)
  2 black bears
  2 lemures (D:4)
  A centaur (D:8)
  A phantom (D:6)
  3 kobold brigands
  4 bullfrogs
  A scorpion (D:5)
  4 wights (D:6)
  Dowan (D:6)
  6 killer bees (D:9)
  6 howler monkeys
  7 electric eels (Bailey)
  A bombardier beetle (D:4)
  3 crimson imps (D:6)
  5 jellies
  4 orc priests
  4 hounds
  An iguana (D:7)
  6 sleepcaps
  An orc wizard (D:8)
  Natasha (thrice) (D:4)
  12 gnolls
  8 adders
  2 ufetubi (D:6)
  3 dart slugs
  3 ribbon worms
  13 orcs
  4 endoplasms
  2 giant cockroaches
  13 goblins
  7 hobgoblins
  6 jackals
  34 kobolds
  3 quokkas
  5 ball pythons
  6 bats
  3 frilled lizards (D:2)
  4 rats
213 creatures vanquished.

Notes
Turn   | Place    | Note
-------+----------+-------------------------------------------
     0 | D:1      | Dittersdorf the Gargoyle Fighter began the quest for the
                  | Orb.
     0 | D:1      | Reached XP level 1. HP: 14/14 MP: 1/1
   151 | D:1      | Found a faded altar of an unknown god.
   292 | D:1      | Reached XP level 2. HP: 19/19 MP: 2/2
   757 | D:2      | Reached XP level 3. HP: 20/24 MP: 3/3
  1021 | D:1      | Reached XP level 4. HP: 8/29 MP: 4/4
  1260 | D:2      | Reached skill level 4 in Shields
  2019 | D:3      | Reached XP level 5. HP: 33/33 MP: 5/5
  2191 | D:3      | Found a transporter.
  2243 | D:3      | Found a transporter.
  2762 | D:4      | Found Ufoprug's Book Emporium.
  2836 | D:4      | Noticed a lemure
  2836 | D:4      | Noticed a lemure
  2864 | D:4      | Killed a lemure
  2872 | D:4      | Noticed Pikel
  2872 | D:4      | Noticed a lemure
  2879 | D:4      | Noticed a lemure
  2903 | D:4      | Killed a lemure
  2920 | D:4      | Killed Pikel
  2921 | D:4      | Reached skill level 5 in Fighting
  2921 | D:4      | Reached skill level 5 in Armour
  2921 | D:4      | Reached skill level 5 in Shields
  2921 | D:4      | Reached XP level 6. HP: 27/40 MP: 6/6
  2921 | D:4      | Reached XP level 7. HP: 30/44 MP: 7/7
  3111 | D:4      | Noticed Eustachio
  3126 | D:4      | Killed Eustachio
  3360 | D:4      | Noticed Natasha
  3373 | D:4      | Killed Natasha
  3449 | D:4      | Noticed Sigmund
  3464 | D:4      | Killed Sigmund
  3465 | D:4      | Reached XP level 8. HP: 36/51 MP: 8/8
  3539 | D:4      | Found a burning altar of Makhleb.
  3670 | D:4      | Noticed Natasha
  3682 | D:4      | Killed Natasha
  3884 | D:4      | Found a burning altar of Makhleb.
  3936 | D:4      | Found Ufoprug's Book Emporium.
  3959 | D:4      | Noticed Natasha
  3967 | D:4      | Killed Natasha
  3968 | D:4      | Reached skill level 5 in Maces & Flails
  3968 | D:4      | Reached skill level 6 in Shields
  4192 | D:5      | Entered Level 5 of the Dungeon
  4853 | D:5      | Found Wout's Distillery.
  4861 | D:5      | Bought a potion of heal wounds for 60 gold pieces
  5238 | D:6      | Found a shimmering altar of Xom.
  5476 | D:6      | Reached XP level 9. HP: 49/56 MP: 9/9
  5516 | D:6      | Noticed Dowan
  5517 | D:6      | Found a hide-covered altar of Uskayaw.
  5517 | D:6      | Noticed Duvessa
  5551 | D:6      | Killed Duvessa
  5552 | D:6      | Reached skill level 7 in Shields
  5568 | D:6      | Killed Dowan
  5590 | D:6      | Found a hazy altar of Hepliaklqana.
  5669 | D:6      | Found a staircase to the Ecumenical Temple.
  5679 | Temple   | Entered the Ecumenical Temple
  5686 | Temple   | Became a worshipper of Gozag Ym Sagoz the Greedy
  5763 | D:6      | Found a stormy altar of Qazlal.
  5950 | D:6      | Found a snail-covered altar of Cheibriados.
  6021 | D:6      | Found a glowing golden altar of the Shining One.
  6160 | D:7      | Identified a scroll of acquirement
  6160 | D:7      | Acquired a manual of Shields
  6382 | D:7      | HP: 2/58 [orc priest/divine providence (11)]
  6388 | D:7      | Reached skill level 8 in Shields
  6392 | D:7      | HP: 1/59 [orc priest/divine providence (13)]
  6933 | D:7      | Found an ancient bone altar of Kikubaaqudgha.
  7264 | D:8      | Reached XP level 10. HP: 56/64 MP: 10/10
  7276 | D:8      | Reached skill level 9 in Shields
  7779 | D:8      | Found Kuloshom's Jewellery Shoppe.
  7923 | D:9      | Reached skill level 10 in Shields
  8028 | D:9      | Found a flagged portal.
  8037 | Bailey   | Entered a bailey
  8457 | Bailey   | Identified the +3 scale mail of the Tick {rElec}
  8471 | Bailey   | Noticed a kobold demonologist
  8474 | Bailey   | Noticed an orc knight
  8675 | Bailey   | Noticed an orc sorcerer
  8891 | Bailey   | Found an iron altar of Okawaru.
  8908 | Bailey   | Killed an orc sorcerer
  8926 | Bailey   | Mangled by an ice devil

Illustrated notes

Levels and vault maps discovered:
D:1:      wheals_arrival_shading, layout_basic, ebering_ecumenical_altar_webs
D:2:      minmay_wonky_spiral, layout_loops_cross, minmay_tetromino_t2
D:3:      gammafunk_steamed_eel, layout_basic
D:4:      layout_basic, mainiacjoe_overflow_six_doors_small, serial_shops,
          shop_statue, uniq_sigmund, uniq_eustachio, uniq_natasha, uniq_pikel
D:5:      kennysheep_kobold_camp, layout_loops_corners, serial_shops,
          nicolae_shop_trees
D:6:      layout_rooms, kennysheep_mini, cheibrodos_worm_habitat, led_xom_imps,
          tso_oasis_becter, mainiacjoe_overflow_brackets,
          nicolae_qazlal_beasts_of_the_sky, temple_hall, reono_crystal_passage,
          uniq_duvessa
D:7:      layout_rooms, mainiacjoe_overflow_concentric_impassable,
          serial_library, serial_library_regret_index_small_wings,
          serial_library_hellmonk_room_b, serial_library_hellmonk_small_alcove,
          serial_library_hellmonk_recessed_alcove,
          serial_library_hellmonk_u_bend, serial_library_hellmonk_layered_room,
          serial_library_regret_index_double_sided,
          serial_library_hellmonk_open_square,
          serial_library_regret_index_multi,
          serial_library_regret_index_double_sided, minmay_crossroads
D:8:      layout_cave_pools, hangedman_abyss_or_decor_stabs,
          minmay_shop_enchanted_jewellery
D:9:      layout_long_grid, old_standard_altar, orc_0_dummy, enter_bailey_8
Temple:   hellmonk_temple_micro_hex
Bailey:   bailey_axe_of_yendor_kennysheep, bailey

Skill      XL: |  1  2  3  4  5  6  7  8  9 10 |
---------------+-------------------------------+-----
Fighting       | 4 5 6 8 9 |  9.3
Armour         | 4 5 6 8 9 |  9.3
Shields        | 4 5 6 8 10 | 10.7
Maces & Flails | 3 4 5 7 8 |  8.2

Action                     |  1- 3 |  4- 6 |  7- 9 | 10-12 || total
---------------------------+-------+-------+-------+-------++-------
  Melee: Flail             |    86 |   161 |   286 |       ||   533
         Morningstar       |       |       |    87 |   208 ||   295
  Evoke: Wand              |       |       |     3 |     4 ||     7
    Use: Scroll            |       |       |    19 |     1 ||    20
         Potion            |       |       |     3 |       ||     3
   Stab: Distracted        |       |       |       |     1 ||     1
 Armour: Scale mail        |    72 |   101 |       |       ||   173
         Ring mail         |       |    23 |   279 |   225 ||   527
  Dodge: Dodged            |    36 |    77 |   199 |   102 ||   414
  Block: Buckler           |    18 |    28 |   164 |   149 ||   359
         Reflection        |       |       |     1 |     8 ||     9

Table legend: (Time is in decaauts)
 A = Elapsed time spent in this place.
 B = Non-inter-level travel time spent in this place.
 C = Inter-level travel time spent in this place.
 D = Time resting spent in this place.
 E = Time spent auto-exploring this place.
 F = Levels seen in this place.
 G = Mean time per level.
                   A        B        C        D        E       F      G
               +--------+--------+--------+--------+--------+-----+--------+
         Total |   9103 |   8725 |    378 |   1310 |   5091 |  11 |  827.5 |
       Dungeon |   8189 |   7811 |    378 |    939 |   5008 |   9 |  909.9 |
        Temple |     14 |     14 |      0 |      0 |      0 |   1 |   14.0 |
        Bailey |    898 |    898 |      0 |    371 |     83 |   1 |  898.0 |
               +--------+--------+--------+--------+--------+-----+--------+

Top non-repeatable levels by time:
     D:4: 1505 daAuts
     D:5: 1168 daAuts
     D:7: 1107 daAuts
     D:3: 1044 daAuts
     D:2: 913 daAuts
  Bailey: 898 daAuts
     D:1: 860 daAuts
     D:6: 765 daAuts
     D:8: 632 daAuts
     D:9: 191 daAuts
  Temple: 14 daAuts
